 Dungeon Crawl Stone Soup version 0.29.0-4-gdea44cf6ec (webtiles) character file.

Game seed: 5808074160736928498

15 qw the Chopper (level 2, 0/24 HPs)
             Began as a Barachi Chaos Knight on Sept 4, 2022.
             Slain by a quasit (2 damage)
             ... summoned by Xom
             ... on level 1 of the Dungeon.
             The game lasted 00:00:17 (489 turns).

qw the Chopper (Barachi Chaos Knight)                Turns: 489, Time: 00:00:17

Health: 0/24       AC:  5    Str: 13      XL:     2   Next: 50%
Magic:  2/2        EV: 11    Int: 12      God:
Gold:   11         SH:  0    Dex:  7 (11) Spells: 1/1 levels left

rFire   . . .      SeeInvis .   a - +0 hand axe (chaos)
rCold   . . .      Faith    .   (no shield)
rNeg    . . .      Spirit   .   b - +2 leather armour
rPois   .          Reflect  .   (no helmet)
rElec   .          Harm     .   (no cloak)
rCorr   .          Rampage  .   (no gloves)
Will    .....                   (no boots)
Stlth   +.........              (no amulet)
HPRegen 0.08/turn               (no ring)
MPRegen 0.08/turn               (no ring)

@: slow
A: amphibious, slowness 1, strong legs 1, +LOS
a: Hop


You were on level 1 of the Dungeon.
You visited 1 branch of the dungeon, and saw 1 of its levels.

You collected 11 gold pieces.


Innate Abilities, Weirdness & Mutations

You are amphibious.
You cover ground slowly.
You can hop short distances.
You have an extended range of vision and can be seen from far away.


   Skills:
 - Level 3.6 Fighting
 + Level 4.2 Axes
 - Level 2.4 Armour
 - Level 1.1 Dodging


You had one spell level left.
You didn't know any spells.
Your spell library was empty.

Inventory:

Hand Weapons
 a - a +0 hand axe of chaos (weapon)
 f - a +0 whip
Armour
 b - a +2 leather armour (worn)
 i - a +0 ring mail
Scrolls
 d - 2 scrolls of identify {unknown}
Potions
 e - a potion of mutation {unknown}
 g - 2 potions of heal wounds {unknown}
 h - a potion of haste {unknown}
Miscellaneous
 c - a piece from Xom's chessboard (15/15)

Dungeon Overview and Level Annotations

Branches:
Dungeon (1/15)

Altars:


Message History

You hit the crimson imp.
Lightning courses through the crimson imp!
You kill the crimson imp!
The crimson imp disappears in a puff of smoke!
You miss the quasit. The quasit closely misses you. The quasit claws you.
The quasit closely misses you.
You closely miss the quasit.
The quasit is lightly wounded.
The quasit bites you but does no damage.
The quasit barely misses you. The quasit claws you.
You feel clumsy.
The quasit bites you but does no damage.
The quasit claws you but does no damage.
The quasit claws you.
You barely miss the quasit.
The quasit is lightly wounded.
The quasit bites you.
The quasit claws you but does no damage. x2
You miss the quasit.
The quasit is lightly wounded.
The quasit barely misses you. x2
The quasit claws you but does no damage.
You hit the quasit.
The quasit suddenly seems more agile.
The quasit is heavily wounded.
The quasit bites you. The quasit barely misses you.
The quasit claws you but does no damage.
The quasit bites you but does no damage.
The quasit claws you but does no damage. x2
You completely miss the quasit.
The quasit is heavily wounded.
You closely miss the crimson imp. The quasit bites you.
The quasit closely misses you. The quasit barely misses you.
The crimson imp hits you but does no damage.
You miss the quasit.
The quasit is heavily wounded.
You miss the crimson imp. The quasit bites you.
You die...

### ..# #.#
#.# ### #.#
..# ####.#
#.# #..%..
#5# #.##.#
#@# #.##.#
#5# #.##..
#######.#
#.....
#.......#
#.##.#
#.####..#
#..... ###..#
#.###. #
#....# #.###.
#.##.#.##
#.....
#......######
#####.


You could see a quasit (summoned, agile) and a crimson imp (summoned).

Vanquished Creatures
  2 ball pythons (D:1)
  3 endoplasms (D:1)
  2 hobgoblins (D:1)
  A quokka (D:1)
  2 frilled lizards (D:1)
  2 kobolds (D:1)
  2 rats (D:1)
14 creatures vanquished.

Notes
Turn   | Place    | Note
-------+----------+-------------------------------------------
     0 | D:1      | qw the Barachi Chaos Knight began the quest for the Orb.
     0 | D:1      | Reached XP level 1. HP: 18/18 MP: 1/1
     0 | D:1      | 0 ||| qw: Version: 0.1-a-103-gd6f5d3a
     0 | D:1      | 0 ||| qw: Game counter: 5727
     0 | D:1      | 0 ||| qw: Always use a shield: true
     0 | D:1      | 0 ||| qw: God list: Okawaru
     0 | D:1      | 0 ||| qw: Allow faded altars: false
     0 | D:1      | 0 ||| qw: Do Orc after D:15 true
     0 | D:1      | 0 ||| qw: Do second Lair branch before Depths: true
     0 | D:1      | 0 ||| qw: Lair rune preference: random
     0 | D:1      | 0 ||| qw: Plans: Normal
     0 | D:1      | 0 ||| PLANNING D:1-11
     0 | D:1      | Fell from the grace of Xom
   185 | D:1      | Reached XP level 2. HP: 24/24 MP: 2/2
   256 | D:1      | Reached skill level 4 in Axes
   369 | D:1      | Found a faded altar of an unknown god.
   471 | D:1      | XOM: summons 4 hostile demons
   472 | D:1      | Noticed a crimson imp
   472 | D:1      | Noticed a crimson imp
   484 | D:1      | HP: 6/24 [quasit[Xom] (2)]
   488 | D:1      | HP: 2/24 [quasit[Xom] (1)]
   489 | D:1      | Slain by a quasit

Levels and vault maps discovered:
D:1:      minmay_arrival_up_and_down, layout_loops_cross,
          shapermc_ecumenical_altar_notcrosses

Skill      XL: |  1  2 |
---------------+-------+-----
Axes           | 4 |  4.2
Fighting       | |  3.6
Armour         | |  2.4
Dodging        | |  1.1

Action                   || total
-------------------------++-------
Melee: Hand axe          ||    51
Invok: Renounce Religion ||     1
Armor: Leather armour    ||    35
Dodge: Dodged            ||    37

Table legend:
 A = Non-vault XP
 B = Vault XP
 C = Vault XP percentage of total XP
 D = Non-vault monster count
 E = Vault monster count
 F = Vault count percentage of total count
                 A         B        C        D         E       F
            +---------+---------+-------+---------+---------+-------
      Total |      22 |       0 |   0.0 |      14 |       0 |   0.0
            +---------+---------+-------+---------+---------+-------
        D:1 |      22 |       0 |   0.0 |      14 |       0 |   0.0
            +---------+---------+-------+---------+---------+-------
